 Dungeon Crawl Stone Soup version 0.23-a0-636-g0ff6057 (webtiles) character file.

722 MisterFreud the Carver (level 7, -17/45 HPs)
             Began as an Octopode Gladiator on Dec 28, 2018.
             Demolished by an orc warrior
             ... wielding a +0 hand axe
              (18 damage)
             ... on level 3 of the Dungeon.
             The game lasted 00:07:36 (4073 turns).

MisterFreud the Carver (Octopode Gladiator)         Turns: 4073, Time: 00:07:36

Health: -17/45     AC:  1    Str: 13    XL:     7   Next: 71%
Magic:  16/16      EV: 20    Int: 12    God:
Gold:   194        SH:  0    Dex: 14    Spells: 6/6 levels left

rFire    . . .     SeeInvis .   a - +1 long sword
rCold    . . .     Gourm    .   (no shield)
rNeg     . . .     Faith    .   b - +0 hat
rPois    .         Spirit   .   (no amulet)
rElec    .         Reflect  .   j - +5 ring of evasion
rCorr    .         Harm     .   f - ring of magical power
MR       .....                  (no ring)
Stlth    ++........             (no ring)
HPRegen  0.15/turn              (no ring)
MPRegen  0.15/turn              (no ring)
                                (no ring)
                                (no ring)

@: no status effects
A: almost no armour, stealthy swim, amphibious, 8 rings, constrict 8, camouflage
1, gelatinous body 1
a: no special abilities


You were on level 3 of the Dungeon.
You were very hungry.

You visited 1 branch of the dungeon, and saw 5 of its levels.

You collected 194 gold pieces.

Inventory:

Hand Weapons
 a - a +1 long sword (weapon)
Missiles
 c - 3 throwing nets (quivered)
 h - 138 stones
 i - 4 silver tomahawks
 k - 8 curare-tipped needles
 q - 14 bolts
 s - 5 steel tomahawks
 t - 37 sling bullets
 u - 13 arrows
Armour
 b - a +0 hat (worn)
Jewellery
 f - a ring of magical power (right tentacle)
 j - a +5 ring of evasion (left tentacle)
Wands
 v - a wand of iceblast (5)
Scrolls
 e - 3 scrolls of teleportation
 n - 5 scrolls of remove curse
 p - a scroll of magic mapping
Potions
 g - a potion of ambrosia
 l - a potion of curing
 m - a potion of resistance {unknown}
 o - a potion of cancellation
 r - a potion of invisibility {unknown}
 w - a potion of might {unknown}
Comestibles
 d - 7 rations


   Skills:
 - Level 2.0 Fighting
 - Level 8.0 Long Blades
 - Level 2.0 Throwing
 + Level 4.7 Dodging


You had 6 spell levels left.
You didn't know any spells.
Your spell library was empty.

Dungeon Overview and Level Annotations

Branches:
Dungeon (5/15)
 Temple: D:4-7

Altars:
Ashenzari
Fedhas
Kikubaaqudgha
Wu Jian

Annotations:
D:5 Dowan


Innate Abilities, Weirdness & Mutations

You cannot wear most types of armour.
You are very stealthy in the water. (Stealth+)
You are amphibious.
You can wear up to eight rings at the same time.
You can use your tentacles to constrict eight enemies at once.
Your skin changes colour to match your surroundings (Stealth+).
Your rubbery body absorbs attacks. (AC +1, EV +1)


Message History

You see here 4 tomahawks.
The crimson imp blinks!
There is a stone staircase leading up here.
The orc warrior completely misses you.
You climb upwards.
There is a stone staircase leading down here.
You are feeling very hungry.
There is a stone staircase leading up here.
You climb upwards.
There is a stone staircase leading down here.
You hit the orc warrior but do no damage.
Your grab misses the orc warrior. You squeeze the orc warrior.
The orc warrior is lightly wounded.
The orc warrior hits you with a +0 hand axe!
* * * LOW HITPOINT WARNING * * *
You hit the orc warrior but do no damage.
Your grab misses the orc warrior.
The orc warrior is lightly wounded.
The orc warrior hits you with a +0 hand axe!!
You die...

#.....................##.#.#.
#.....................'....#.
#............)........##.###.
#.....................##.#...
#.....................##.#.#.
#.....................##.#...
#.....................##.####
######'####...........##.....
#...# #.@o........#######
#.### ############# #...#
###.# #.# #.# #.#
##########.# ...........#


You could see an orc warrior.

Vanquished Creatures
  An ogre (D:4)
  A centaur (D:4)
  A big kobold (D:5)
  A scorpion (D:2)
  A howler monkey (D:4)
  A centaur skeleton (D:4)
  A hound (D:2)
  Crazy Yiuf (D:4)
  Natasha (D:2)
  An iguana (D:4)
  2 orc wizards
  Ijyb (D:4)
  7 adders
  2 worms (D:3)
  3 dart slugs
  5 leopard geckos
  6 orcs
  5 bats
  4 giant cockroaches
  10 hobgoblins
  6 jackals
  15 kobolds
  2 ball pythons (D:3)
  4 frilled lizards
  6 goblins
  A quokka skeleton (D:4)
  7 rats
96 creatures vanquished.

Vanquished Creatures (others)
  A howler monkey (D:5)
  A bat (D:2)
  A kobold (D:5)
3 creatures vanquished.

Grand Total: 99 creatures vanquished

Notes
Turn   | Place    | Note
-------+----------+-------------------------------------------
     0 | D:1      | MisterFreud the Octopode Gladiator began the quest for the
                  | Orb.
     0 | D:1      | Reached XP level 1. HP: 14/14 MP: 1/1
    84 | D:1      | Reached XP level 2. HP: 18/19 MP: 2/2
   381 | D:1      | Reached skill level 4 in Long Blades
   547 | D:1      | Reached XP level 3. HP: 21/24 MP: 3/3
   679 | D:2      | Found a blossoming altar of Fedhas.
   690 | D:2      | Noticed a scorpion
   694 | D:2      | Killed a scorpion
   694 | D:2      | Reached skill level 5 in Long Blades
   694 | D:2      | Reached XP level 4. HP: 22/29 MP: 4/4
  1016 | D:2      | Reached XP level 5. HP: 34/34 MP: 5/5
  1213 | D:2      | Noticed Natasha
  1223 | D:2      | Killed Natasha
  1290 | D:3      | Reached skill level 6 in Long Blades
  1364 | D:3      | Found a shattered altar of Ashenzari.
  1846 | D:4      | HP: 1/34 [something (1)]
  1852 | D:4      | Reached XP level 6. HP: 5/39 MP: 6/6
  2594 | D:4      | Noticed Ijyb
  2602 | D:4      | Killed Ijyb
  2602 | D:4      | Reached skill level 7 in Long Blades
  2797 | D:4      | Found an ancient bone altar of Kikubaaqudgha.
  3048 | D:4      | Found a runed door.
  3331 | D:4      | Reached skill level 8 in Long Blades
  3331 | D:4      | Reached XP level 7. HP: 35/45 MP: 7/7
  3422 | D:4      | Noticed Crazy Yiuf
  3429 | D:4      | Killed Crazy Yiuf
  3557 | D:5      | Entered Level 5 of the Dungeon
  3574 | D:5      | HP: 2/45 [centaur/arrow (2)]
  4008 | D:5      | Noticed Dowan
  4030 | D:5      | Found an ornate altar of the Wu Jian Council.
  4072 | D:3      | HP: 1/45 [orc warrior/+0 hand axe (14)]
  4073 | D:3      | Demolished by an orc warrior

Vault maps used:
D:1:      giann_bridges
D:2:      fedhas_altar_3, kennysheep_flooded_box, uniq_natasha
D:3:      cheibrodos_ashenzari_chains
D:4:      kiku_gazebo_garden_becter, first_ration, uniq_ijyb,
          uniq_crazy_yiuf_cottage
D:5:      nicolae_overflow_crystal_walls, uniq_edmund, uniq_duvessa,
          uniq_eustachio, uniq_menkaure

Skill      XL: |  1  2  3  4  5  6  7 |
---------------+----------------------+-----
Long Blades    | 4 5 6 8 |  8.0
Dodging        | 4 |  4.7
Fighting       | |  2.0
Throwing       | |  2.0

Action                   |  1- 3 |  4- 6 |  7- 9 || total
-------------------------+-------+-------+-------++-------
Melee: Long sword        |    42 |   109 |    36 ||   187
       Tentacles         |    11 |    25 |    11 ||    47
       Constrict         |    17 |    33 |     8 ||    58
  Use: Scroll            |       |     8 |       ||     8
       Potion            |       |     1 |     1 ||     2
 Stab: Sleeping          |     7 |    10 |     1 ||    18
  Eat: Chunk             |       |     8 |     1 ||     9
Armor: Skin              |     2 |     3 |       ||     5
Dodge: Dodged            |    21 |    88 |    60 ||   169
       Rpst.: Long sword |     8 |    25 |    15 ||    48

Table legend:
 A = Non-vault XP
 B = Vault XP
 C = Vault XP percentage of total XP
 D = Non-vault monster count
 E = Vault monster count
 F = Vault count percentage of total count
                 A         B        C        D         E       F
            +---------+---------+-------+---------+---------+-------
      Total |     922 |     110 |  10.7 |      94 |       3 |   3.1
            +---------+---------+-------+---------+---------+-------
        D:1 |      37 |       0 |   0.0 |      23 |       0 |   0.0
        D:2 |     131 |      36 |  21.6 |      13 |       1 |   7.1
        D:3 |     124 |       0 |   0.0 |      31 |       0 |   0.0
        D:4 |     488 |      74 |  13.2 |      17 |       2 |  10.5
        D:5 |     142 |       0 |   0.0 |      10 |       0 |   0.0
            +---------+---------+-------+---------+---------+-------
